 Dungeon Crawl Stone Soup version 0.31.0 (webtiles) character file.

Game seed: 2748184783955180113

350 cdecastro the Firebug (level 6, -2/32 HPs)
             Began as a Deep Elf Fire Elementalist on Jan 18, 2024.
             Asphyxiated
             ... in a sewer on Jan 19, 2024.
             The game lasted 00:07:56 (3566 turns).

cdecastro the Firebug (Deep Elf Fire Elementalist)  Turns: 3566, Time: 00:07:56

Health: -2/32      AC:  2    Str:  4    XL:     6   Next: 33%
Magic:  5/12       EV: 13    Int: 24    God:
Gold:   172        SH:  0    Dex: 19    Spells: 2/11 levels left

rFire   + . .        a - +7 dagger of Accord {freeze, rElec rCorr Int+3}
rCold   x . .        (no shield)
rNeg    . . .        s - +0 robe
rPois   .            (no helmet)
rElec   +            (no cloak)
rCorr   +            (no gloves)
SInv    .            (no boots)
Will    .....        (no amulet)
Stlth   ++           j - ring of fire
HPRegen 0.25/turn    (no ring)
MPRegen 0.13/turn

%: no passive effects
@: lethally poisoned (-2 -> -16), slowed, very slow
A: agile 1
a: no special abilities


You were in a sewer.
You visited 1 branch of the dungeon, and saw 4 of its levels.
You also visited: Sewer.

You collected 172 gold pieces.

Inventory:

Hand Weapons
 a - the +7 dagger of Accord (weapon) {freeze, rElec rCorr Int+3}
   (You found it on level 3 of the Dungeon)

   Int+3:     It affects your intelligence (+3).
   rElec:     It insulates you from electricity.
   rCorr:     It protects you from acid and corrosion.
Armour
 s - a +0 robe (worn)
Jewellery
 c - an amulet of faith
 j - a ring of fire (left hand)
Scrolls
 d - 2 scrolls of teleportation {unknown}
 e - a scroll of blinking {unknown}
 f - 3 scrolls of poison {unknown}
 h - 2 scrolls of revelation {unknown}
 i - 2 scrolls of enchant weapon {unknown}
 k - 2 scrolls of enchant armour {unknown}
 n - 2 scrolls of amnesia {unknown}
 t - a scroll of identify {unknown}
 u - a scroll of butterflies {unknown}
Potions
 b - 3 potions of magic
 g - a potion of lignification {unknown}
 l - 2 potions of attraction {unknown}
 m - 2 potions of haste {unknown}
 o - a potion of enlightenment {unknown}
 p - a potion of cancellation {unknown}
 q - 3 potions of mutation
 r - a potion of curing {unknown}


   Skills:
 - Level 2.4 Dodging
 - Level 2.4 Stealth
 - Level 3.0 Spellcasting
 - Level 1.1 Conjurations
 + Level 7.9 Fire Magic


You had 2 spell levels left.
You knew the following spells:

 Your Spells              Type           Power      Damage    Failure   Level
a - Foxfire               Conj/Fire      100%       2x1d9     1%          1
b - Scorch                Fire           100%       2d9       1%          2
c - Volatile Blastmotes   Fire/Tloc      68%        2d15      6%          3
d - Inner Flame           Hex/Fire       34%        N/A       6%          3

Your spell library contained the following spells:

 Spells                   Type           Power      Damage    Failure   Level
 Lesser Beckoning         Tloc           6%         N/A       16%         2
 Flame Wave               Conj/Fire      38%        2d10      17%         4
 Gell's Gravitas          Tloc           3%         N/A       32%         3
 Teleport Other           Tloc           3%         N/A       32%         3
 Summon Forest            Summ/Tloc      1%         N/A       96%         5
 Eringya's Noxious Bog    Alch           1%         4d6       100%        6
 Haunt                    Necr/Summ      1%         N/A       100%        7
 Summon Hydra             Summ           1%         N/A       100%        7
 Borgnjor's Revivificati  Necr           1%         N/A       100%        8
 Death's Door             Necr           1%         N/A       100%        9


Dungeon Overview and Level Annotations

Branches:
Dungeon (4/15)              Sewer (1/1)
 Temple: D:4-7

Altars:
Dithmenos

Annotations:
D:4 1 runed translucent door, Crazy Yiuf


Innate Abilities, Weirdness & Mutations

You are agile. (Dex +4, Str/Int -1)


Message History

The kobold's fire resistance burns away.
* * * LOW HITPOINT WARNING * * *
You feel very sick.
You hear a shout! x2
A kobold comes into view. It is wielding a +0 dagger.
A kobold brigand comes into view.
It is wielding a +3 dagger and quivering poisoned darts.
The kobold shouts!
Casting: Scorch (safe; 1% risk of failure)
Confirm with . or Enter, or press ? or * to list all spells.
You feel a surge of power!
Flames lash the kobold.
You kill the kobold!
You feel very sick.
The kobold hits you with a +0 short sword.
* * * LOW HITPOINT WARNING * * *
It was a potion of mutation.
You feel extremely strange.
You feel agile.
You feel very sick.
The kobold is no longer more vulnerable to fire.
Unknown command.
Casting: Scorch (safe; 1% risk of failure)
Confirm with . or Enter, or press ? or * to list all spells.
You feel a surge of power!
Flames lash the kobold brigand.
The kobold brigand is severely wounded.
The kobold brigand's fire resistance burns away.
You feel sick. The kobold closely misses you.
Unknown command.
Casting: Scorch (safe; 1% risk of failure)
Confirm with . or Enter, or press ? or * to list all spells.
You feel a surge of power!
Flames lash the kobold.
You kill the kobold!
You hear a splash.
You feel sick.
The kobold brigand hits you with a +0 dagger.
* * * LOW HITPOINT WARNING * * *
You feel sick.
The kobold brigand throws a curare-tipped dart.
The curare-tipped dart hits you.
You are lethally poisoned!
You have difficulty breathing.
You die...

###### #### #....#
#!.. #..∩.# #.∩.
#....### #..K
#....#~≈~#!.K
##')##~~~##'K###
###..~~#~≈~~~~§..#
#...~~)#~≈~#P~P@.#
##P..~.~#~≈~#~~...#
#.....†.#~≈~#P~~..#
#......~#~≈~#.....#
#......~#~~~#.....#
#....P~~#~≈~#....##
.....~~~#~≈~#P~..##
.†...~~~~~≈~#†~...###
......~P#~≈~#~~.....#


You could see 2 kobold brigands and a kobold.

Vanquished Creatures
  2 kobold brigands (Sewer)
  A hound (D:4)
  Terence (D:3)
  An iguana (D:4)
  An orc wizard (D:4)
  A gnoll (D:1)
  An adder (D:4)
  2 river rats (D:4)
  A dart slug (D:1)
  2 ribbon worms
  3 orcs
  4 ball pythons
  A bat (Sewer)
  7 endoplasms
  3 giant cockroaches
  3 hobgoblins
  A quokka (D:1)
  4 frilled lizards
  5 goblins
  9 kobolds
  8 rats
61 creatures vanquished.

Vanquished Creatures (others)
  47 foxfires
47 creatures vanquished.

Grand Total: 108 creatures vanquished

Notes
Turn   | Place    | Note
-------+----------+-------------------------------------------
     0 | D:1      | cdecastro the Deep Elf Fire Elementalist began the quest
                  | for the Orb.
     0 | D:1      | Reached XP level 1. HP: 10/10 MP: 6/6
    91 | D:1      | Upgraded the game from 0.31-b1-22-gc680215f68 to 0.31.0
   205 | D:1      | Reached XP level 2. HP: 15/15 MP: 5/8
   251 | D:1      | Reached skill level 4 in Fire Magic
   261 | D:1      | Learned a level 2 spell: Scorch
   783 | D:2      | Reached XP level 3. HP: 19/19 MP: 6/9
  1109 | D:2      | Learned a level 3 spell: Volatile Blastmotes
  1257 | D:2      | Found a faded altar of an unknown god.
  1532 | D:3      | Noticed Terence
  1547 | D:3      | Killed Terence
  1548 | D:3      | Reached skill level 5 in Fire Magic
  1627 | D:3      | Found a shadowy altar of Dithmenos.
  1985 | D:3      | Identified the +7 dagger of Accord {freeze, rElec rCorr
                  | Int+3}
  2186 | D:3      | Reached XP level 4. HP: 24/24 MP: 6/10
  2633 | D:3      | HP: 1/24 [goblin/+0 club (2)]
  2845 | D:4      | Reached skill level 6 in Fire Magic
  2849 | D:4      | Learned a level 3 spell: Inner Flame
  2948 | D:4      | Found a runed translucent door.
  2949 | D:4      | Noticed Crazy Yiuf
  3009 | D:4      | Reached XP level 5. HP: 28/28 MP: 6/11
  3090 | D:4      | Found a glowing drain.
  3099 | Sewer    | Entered a sewer
  3224 | Sewer    | Reached skill level 7 in Fire Magic
  3228 | Sewer    | Reached XP level 6. HP: 18/32 MP: 3/12
  3563 | Sewer    | Gained mutation: You are agile. (Dex +4, Str/Int -1)
                  | [potion of mutation]
  3566 | Sewer    | Asphyxiated

Illustrated notes

Levels and vault maps discovered:
D:1:      minmay_arrival_plants_in_alcoves, layout_rooms,
          hangedman_decor_peaks_small
D:2:      layout_loops_ring, shapermc_ecumenical_altar_pompeii,
          minmay_misc_feat_enclosed
D:3:      layout_loops_corners, nicolae_dithmenos_shadow_blocks, uniq_terence
D:4:      layout_basic, gup_sewer_entry_bowl, minmay_goblin_kobold_house,
          uniq_duvessa, uniq_crazy_yiuf_cottage
Sewer:    kennysheep_pipe_town

Skill      XL: |  1  2  3  4  5 |
---------------+----------------+-----
Fire Magic     | 4 5 6 7 |  7.9
Dodging        | |  2.4
Stealth        | |  2.4
Spellcasting   | |  3.0
Conjurations   | |  1.1

Action                     |  1- 3 |  4- 6 || total
---------------------------+-------+-------++-------
  Melee: Dagger            |       |     3 ||     3
   Cast: Foxfire           |    22 |     6 ||    28
         Scorch            |    21 |    38 ||    59
         Volatile Blastmot |       |     1 ||     1
    Use: Potion            |       |     1 ||     1
   Stab: Distracted        |       |     1 ||     1
 Armour: Robe              |     3 |    10 ||    13
  Dodge: Dodged            |     6 |    20 ||    26
